 Dungeon Crawl Stone Soup version 0.14-a0-2091-gca92d1a (webtiles) character file.

22289 Medar the Cruncher (level 13, -4/90 HPs)
             Began as a Formicid Arcane Marksman on Jan 25, 2014.
             Was a Priest of Ashenzari.
             Slain by a five-headed hydra (10 damage)
             ... on Level 4 of the Lair of Beasts.
             The game lasted 01:40:41 (26004 turns).

Medar the Cruncher (Formicid Arcane Marksman)      Turns: 26004, Time: 01:40:42

HP  -4/90        AC  8     Str 18      XL: 13   Next: 50%
MP   0/25        EV 12     Int 15      God: Ashenzari [***...]
Gold 925         SH 12     Dex 13      Spells:  7 memorised,  0 levels left

rFire  + . .     SeeInvis +     a - +1,+0 quarterstaff (curse)
rCold  . . .     Clarity  +     h - +1 troll leather armour (curse)
rNeg   . . .     Conserve .     m - +0 buckler (curse)
rPois  x         rCorr    .     (helmet unavailable)
rElec  .         rRot     .     (no cloak)
SustAb . .       Spirit   +     (no gloves)
rMut   .         Warding  .     v - +0 pair of boots (curse)
Saprov . . .     Stasis   +     w - cursed amulet of guardian spirit
MR     ++...                    q - cursed ring of protection from magic
                                t - cursed ring of protection from fire

@: very resistant to hostile enchantments, unstealthy
A: permanent stasis, dig shafts and tunnels, four strong arms, poison weakness,
antennae 3, agile 1, robust 1, exoskeleton 1
a: Dig, Shaft Self, Renounce Religion


You were on level 4 of the Lair of Beasts.
You worshipped Ashenzari.
Ashenzari was most pleased with you.
You were not hungry.

You visited 3 branches of the dungeon, and saw 16 of its levels.
You also visited: Sewer.

You collected 925 gold pieces.

Inventory:

Hand weapons
 a - a cursed +1,+0 quarterstaff (weapon)
Missiles
 j - 9 tomahawks
 k - a throwing net
 y - a large rock (quivered)
Armour
 h - a cursed +1 troll leather armour (worn)
 m - a cursed +0 buckler (worn)
 v - a cursed +0 pair of boots (worn)
Magical devices
 b - a wand of hasting (3)
 c - a wand of fireball (1)
 E - a wand of digging (13)
 F - a wand of polymorph (13)
 I - a wand of fire (0)
Comestibles
 f - 3 bread rations
 o - an apple
 u - a choko
 x - a meat ration
 D - a rotting chunk of giant frog flesh
 L - 2 chunks of blink frog flesh
 M - 2 chunks of blink frog flesh
Scrolls
 d - a scroll of identify
 l - a scroll of magic mapping {unknown}
 n - 4 scrolls of fear
 s - a scroll of remove curse
 A - 3 scrolls of fog
 G - a scroll of curse jewellery
 H - a scroll of recharging
 J - a scroll of enchant weapon II {unknown}
Jewellery
 q - a cursed ring of protection from magic (right hand)
 t - a cursed ring of protection from fire (left hand)
 w - a cursed amulet of guardian spirit (around neck)
 K - an uncursed amulet of conservation
Potions
 e - 8 potions of curing
 g - a potion of lignification
 i - 2 potions of might
 p - 2 potions of heal wounds
 r - 3 potions of resistance
 z - 2 potions of magic
 B - 3 potions of agility {unknown}
 C - a potion of brilliance


   Skills:
 - Level 5.4 Fighting
 - Level 12.9(15.4) Staves
 - Level 4.0 Throwing
 - Level 4.8 Armour
 - Level 3.8 Dodging
 - Level 5.7(7.6) Shields
 - Level 5.0 Spellcasting
 - Level 8.2(11.1) Hexes
 + Level 5.7(8.7) Transmutations
 + Level 9.3(12.1) Earth Magic
 - Level 2.0(4.2) Evocations


You couldn't memorise any spells.
You knew the following spells:

 Your Spells              Type           Power        Failure   Level  Hunger
a - Statue Form           Trmt/Erth      #####.....   38%         6    #######
d - Slow                  Hex            #####...     1%          2    #......
f - Cause Fear            Hex            #####.....   1%          4    ####...
g - Enslavement           Hex            #####...     1%          4    ####...
h - Inner Flame           Hex/Fire       ###.....     4%          3    ###....
q - Stoneskin             Trmt/Erth      #####.....   1%          2    #......
s - Corona                Hex            #####..      1%          1    None


Dungeon Overview and Level Annotations

Branches:
Dungeon (11/16)            Temple (1/1) D:6            Lair (4/8) D:11
  Swamp (0/5) Lair:4       Spider (0/5) Lair:3
    Orc: D:9-12

Altars:
Ashenzari
Cheibriados
Dithmengos
Elyvilon
Fedhas
Kikubaaqudgha
Makhleb
Nemelex Xobeh
Okawaru
Sif Muna
Trog
Vehumet
Xom
Yredelemnul
Zin
The Shining One
Beogh

Annotations:
D:9 exclusion: 2 sensed monsters (detected)


Innate Abilities, Weirdness & Mutations

Your are under a permanent stasis effect.
You can dig through walls and to a lower floor.
Your four strong arms can wield any weapon, most with a shield.
You are susceptible to poison.*
You have a pair of large antennae on your head (SInv).*
Your body is surrounded by an exoskeleton. (AC +1)*
You are agile. (Dex +2)
You are robust (+10% HP).


Message History

The five-headed hydra bites you but does no damage.
The five-headed hydra stops glowing.
Casting: Cause Fear
Confirm with . or Enter, or press ? or * to list all spells.
Aiming: Slow
Press: ? - help, Shift-Dir - straight line, f/p - five-headed hydra
Aim: a five-headed hydra (heavily wounded)
The five-headed hydra resists with significant effort.
The five-headed hydra misses you.
You block the five-headed hydra's attack.
The five-headed hydra bites you!
* * * LOW HITPOINT WARNING * * *
The five-headed hydra bites you.
* * * LOW HITPOINT WARNING * * *
There is a stone staircase leading up here.
The five-headed hydra bites you!
* * * LOW HITPOINT WARNING * * *
The five-headed hydra barely misses you.
The five-headed hydra bites you!
You die...

......##.#####.....%...##...####
#........####.........##.>.....
.....#..#..##...................
...........<...................
,
..................####.#.....(.
.....#.........#### ###.......
$..###....%<.## #..^..... * ..
#.......D#####*###P.r..... , ,
##.......@f##.##{##....... ,
#...............#.r.#P..#
.........................# ,
.P..........##...r#...f###
....##...##.####.....###* ..≈
###.. ## #..#..# *, . ###
#f.#r..#, * ≈≈ ≈ ≈ ##r.#..... ≈
..{#..... ,


You could see a five-headed hydra.

Vanquished Creatures
  3 hydras
  Pikel (D:4)
  A hill giant (D:11)
  A griffon (Lair:3)
  2 black mambas
  3 spiny frogs
  7 komodo dragons
  2 trolls
  A basilisk (Lair:1)
  11 blink frogs
  2 redbacks (Lair:3)
  A hill giant zombie (D:10)
  25 yaks
  A wyvern (D:9)
  3 hippogriffs
  A steam dragon (D:11)
  The ghost of Kae the Ruinous, an average DrCj (D:4)
  2 manticores
  4 wolves
  A necrophage (D:7)
  4 black bears
  3 slaves
  7 ogres
  8 orc warriors
  3 porcupines
  A boring beetle (D:8)
  3 ice beasts
  5 crocodiles
  A centaur (D:6)
  A big kobold (Sewer)
  7 giant frogs
  2 water moccasins
  2 giant slugs
  3 agate snails (Lair:3)
  9 killer bees
  A wight (D:9)
  An electric eel (D:6)
  2 yak skeletons (D:11)
  8 crimson imps
  4 goliath beetles
  A troll skeleton (D:8)
  A spider (Lair:3)
  A giant frog zombie (D:9)
  3 big fish (D:6)
  A giant frog skeleton (D:7)
  A jelly (D:5)
  4 orc priests
  2 centaur skeletons
  3 scorpions
  7 hounds
  11 orc wizards
  8 iguanas
  12 worker ants
  2 hound skeletons (D:6)
  A worker ant zombie (D:6)
  18 adders
  8 gnolls
  41 green rats
  4 giant mites
  3 giant centipedes
  An inept item mimic (D:6)
  7 worms
  5 grey rats
  A giant eyeball (D:8)
  5 giant geckos
  3 oozes
  54 orcs
  3 ball pythons
  19 bats
  10 giant cockroaches
  17 hobgoblins
  14 jackals
  9 quokkas
  A giant cockroach zombie (D:5)
  14 giant newts
  15 goblins
  A hobgoblin skeleton (D:3)
  16 kobolds
  A kobold skeleton (D:6)
  A kobold zombie (D:8)
  20 rats
  A rat zombie (D:6)
  14 ballistomycetes (D:9)
512 creatures vanquished.

Vanquished Creatures (collateral kills)
  A centaur (D:6)
  A giant frog (D:10)
  2 killer bees
  2 jellyfish (D:6)
  A goliath beetle (D:10)
  2 big fish (D:6)
  2 gnolls (D:6)
  4 orcs
  A quokka (D:10)
  A kobold (D:10)
  A rat skeleton (D:7)
18 creatures vanquished.

Vanquished Creatures (others)
  A giant goldfish (D:6)
  A giant spore (D:9)
  A fungus (Lair:3)
3 creatures vanquished.

Grand Total: 533 creatures vanquished

Notes
Turn   | Place    | Note
--------------------------------------------------------------
     0 | D:1      | Medar, the Formicid Arcane Marksman, began the quest for the Orb.
     0 | D:1      | Reached XP level 1. HP: 13/13 MP: 2/2
   462 | D:1      | Reached skill level 4 in Hexes
   462 | D:1      | Reached XP level 2. HP: 13/18 MP: 1/3
   466 | D:1      | Learned a level 2 spell: Slow
  1209 | D:1      | Reached XP level 3. HP: 17/23 MP: 1/4
  1259 | D:1      | Reached skill level 1 in Armour
  1791 | D:2      | Reached skill level 1 in Staves
  1887 | D:2      | Reached XP level 4. HP: 28/28 MP: 0/5
  1949 | D:2      | Gained mutation: You are agile. (Dex +2) [potion of mutation]
  1949 | D:2      | Gained mutation: You are robust (+10% HP). [potion of mutation]
  2782 | D:3      | Reached XP level 5. HP: 26/36 MP: 0/7
  3637 | D:4      | Noticed Pikel
  3637 | D:4      | Noticed a slave
  3637 | D:4      | Noticed a slave
  3637 | D:4      | Noticed a slave
  3641 | D:4      | Noticed a slave
  3662 | D:3      | Killed a slave
  3982 | D:4      | Reached XP level 6. HP: 38/41 MP: 6/8
  3988 | D:4      | Learned a level 4 spell: Cause Fear
  4463 | D:4      | Noticed Kae's ghost (average DrCj)
  4714 | D:4      | Reached skill level 5 in Staves
  4760 | D:4      | Found a glowing drain.
  4764 | Sewer    | Entered a sewer
  4918 | Sewer    | Reached XP level 7. HP: 47/47 MP: 9/9
  4996 | Sewer    | Reached skill level 5 in Hexes
  5726 | D:4      | Killed Kae's ghost
  5726 | D:4      | Reached skill level 6 in Hexes
  5999 | D:4      | Reached skill level 7 in Hexes
  6099 | D:5      | Entered Level 5 of the Dungeon
  6202 | D:5      | Reached XP level 8. HP: 45/52 MP: 6/10
  6507 | D:5      | Reached skill level 1 in Shields
  7381 | D:6      | Reached skill level 5 in Shields
  7387 | D:6      | Reached XP level 9. HP: 45/58 MP: 9/12
  7760 | D:6      | Found a staircase to the Ecumenical Temple.
  7834 | D:6      | Reached skill level 8 in Hexes
  7889 | Temple   | Entered the Ecumenical Temple
  8146 | Temple   | Became a worshipper of Ashenzari the Shackled
  8234 | D:6      | Learned a level 4 spell: Enslavement
  9001 | D:6      | Learned a level 3 spell: Inner Flame
 10261 | D:4      | Killed a slave
 10318 | D:4      | Killed a slave
 10357 | D:4      | Killed Pikel
 10357 | D:4      | Reached XP level 10. HP: 52/71 MP: 13/18
 10771 | D:7      | Found a bloodstained altar of Trog.
 10783 | D:7      | Reached skill level 5 in Fighting
 12925 | D:8      | Found a radiant altar of Vehumet.
 13798 | D:9      | Got the great sword "Hosh" {slice, +Blink +Fly rN+ MR++}
 13972 | D:9      | Reached skill level 9 in Staves
 14414 | D:9      | Reached XP level 11. HP: 53/79 MP: 10/20
 14574 | D:9      | Found a sparkling altar of Nemelex Xobeh.
 15058 | D:9      | Noticed a necromancer
 15059 | D:9      | You fall through a shaft!
 15059 | D:10     | Entered Level 10 of the Dungeon
 15729 | D:6      | Reached skill level 10 in Staves
 15849 | D:6      | Found a roughly hewn altar of Beogh.
 16536 | D:10     | Got the longbow of Punishment {velocity, +Fly SInv}
 17502 | D:10     | Acquired Ashenzari's first power
 17724 | D:11     | Reached skill level 11 in Staves
 17980 | D:11     | Noticed an ogre mage
 18219 | D:11     | Noticed a hill giant
 19209 | D:11     | Reached XP level 12. HP: 84/84 MP: 17/20
 19249 | D:11     | Found a staircase to the Lair.
 19379 | D:11     | Reached skill level 12 in Staves
 19607 | D:11     | Identified the +4,+6 longbow of Punishment {velocity, +Fly SInv} (You found it on level 10 of the Dungeon)
 19607 | D:11     | Identified the +3,+7 great sword "Hosh" {slice, +Blink +Fly rN+ MR++} (You found it on level 9 of the Dungeon)
 19640 | Lair:1   | Entered Level 1 of the Lair of Beasts
 19764 | D:11     | Killed a hill giant
 19907 | D:9      | Identified the +4,+6 longbow of Punishment {velocity, +Fly SInv} (You found it on level 10 of the Dungeon)
 20611 | Lair:1   | Reached skill level 1 in Evocations
 20941 | Lair:1   | Noticed a five-headed hydra
 20954 | Lair:1   | Killed a five-headed hydra
 21102 | Lair:1   | Learned a level 2 spell: Stoneskin
 21541 | Lair:1   | Noticed a six-headed hydra
 21583 | Lair:1   | Reached skill level 1 in Transmutations
 21583 | Lair:1   | Reached skill level 1 in Earth Magic
 21845 | Lair:1   | Killed a six-headed hydra
 21944 | Lair:2   | Found a white marble altar of Elyvilon.
 21948 | Lair:2   | Identified the +5,+9 war axe of the Sky {flame, rC+ Dex+3}
 22483 | Lair:1   | Reached skill level 5 in Earth Magic
 22569 | Lair:2   | Noticed an eight-headed hydra
 23029 | Lair:2   | Killed an eight-headed hydra
 23275 | Lair:2   | Reached XP level 13. HP: 88/90 MP: 19/21
 23488 | Lair:2   | Acquired Ashenzari's second power
 24298 | Lair:3   | Reached skill level 5 in Spellcasting
 24603 | Lair:1   | Learned a level 6 spell: Statue Form
 25072 | Lair:3   | Found a hole to the Spider Nest.
 25231 | Lair:3   | Reached skill level 5 in Transmutations
 25645 | Lair:4   | Found a staircase to the Swamp.
 25645 | Lair:4   | Noticed a five-headed hydra
 26004 | Lair:4   | Slain by a five-headed hydra

Action                   |  1- 3 |  4- 6 |  7- 9 | 10-12 | 13-15 || total
-------------------------+-------+-------+-------+-------+-------++-------
Melee: Whip              |    99 |       |       |       |       ||    99
       Unarmed           |     8 |       |       |       |       ||     8
       Quarterstaff      |    15 |   250 |   454 |  1233 |   405 ||  2357
Throw: Large rock        |     2 |    20 |    57 |    96 |    18 ||   193
       Throwing net      |       |     3 |       |     1 |       ||     4
       Tomahawk          |       |     2 |       |    11 |       ||    13
       Dart              |       |       |       |     2 |       ||     2
 Cast: Corona            |    30 |    10 |     7 |    85 |    31 ||   163
       Slow              |     6 |    29 |    37 |   134 |    34 ||   240
       Enslavement       |       |       |    11 |    27 |       ||    38
       Cause Fear        |       |       |     2 |     3 |     1 ||     6
       Inner Flame       |       |       |     1 |       |       ||     1
       Stoneskin         |       |       |       |     6 |     8 ||    14
 Abil: Dig               |       |       |       |     2 |       ||     2
       Shaft Self        |       |       |       |     1 |       ||     1
Evoke: Wand              |       |     1 |    14 |    18 |     8 ||    41
  Use: Scroll            |     3 |    11 |     4 |    16 |     3 ||    37
       Potion            |       |     1 |       |     3 |     1 ||     5
 Stab: Betrayed ally     |       |       |       |     1 |       ||     1
       Sleeping          |       |       |       |     1 |     1 ||     2
       Distracted        |       |       |       |     1 |       ||     1
